Match 31255340
Unlisted

Match 31255340
End
Construct Infanterie Kompanie
Selects Breakthrough Battlegroup
Grenadier Squad
MG 42 Machine Gun Team
GrW 34 Mortar Team
Grenadier Squad
Construct Panzergrenadier Kompanie
Medical Bunker
Panzergrenadier Officer Quarters
Support Elements
Nebelwerfer 42 Rocket Launcher Team
Selects Rapid Production
Pak 40 Anti-tank Gun Team
Construct Panzer Kompanie
Selects Blitzkrieg
Stoßtruppen Squad
Sturmpanzer IV Brummbär
Pak 40 Anti-tank Gun Team
Pak 40 Anti-tank Gun Team
Nebelwerfer 42 Rocket Launcher Team
Repair Bunker
StuG III G Assault Gun
Pak 40 Anti-tank Gun Team
Selects Tiger Heavy Tank
Tiger Heavy Tank
Panzergrenadier Squad
Stoßtruppen Squad
Dahlian
JohnstyPonst
Turtleboy
ProxyFox
AWACS Sky Keeper
czw
0
0

Comments sign in to comment!

No comments posted yet!